cohdb
Replays
Latest Replays
All Replays
Popular Replays
Top Player Replays
Match Explorer
How It Works
Community
CoH3 Stats
Reddit
Sign in to upload your games and track your stats! →
Sign in with Steam
Match 48217139
Unlisted
Match 48217139
Overview
Messages
Build Orders
End
Scout Squad
Construct Barracks
Engineer Squad
1⁄4-ton 4x4 Truck
Riflemen Squad
Riflemen Squad
Air Support Center
M1 Mortar Team
Grasshopper Recon Run
Selects Advanced Infantry Battlegroup
Selects Convert to Ranger Squad
Ranger Squad
Grasshopper Recon Run
Grenade Package
Riflemen Squad
Construct Motor Pool
M1 Anti-tank Gun Team
Selects Ammunition Storage
Selects M2A1 105mm Howitzer Emplacement
M24 Chaffee Light Tank
Selects 155mm Rapid Artillery Barrage
Selects Frontline Medical Station
Grasshopper Recon Run
P-47 Dive Bomb
P-47 Strafing Run
Construct Tank Depot
P-47 Strafing Run
M4A1 Sherman Medium Tank
Selects Infantry Assault
Infantry Assault
M4A1 Sherman Medium Tank
P-47 Dive Bomb
MillenniumKnight
Sixtus
종수찡
Major-Chaos
CikJik
Chase
0
0
Comments
sign in to comment!
No comments posted yet!